AoeStats
← HD_Daniel

Arabia

503316471Analyzed
1v1 RM · 1mo ago on Aug 31, 2026· 45m 1s· 2 players
Game mode
Random Map
Map size
Tiny (2 player)
Population
200
Speed
Normal
Resources
Standard
Victory
Conquest
Starting age
Dark Age
Ending age
Imperial Age
RankedLock teamsTeams togetherTeam positionsShared explorationLock speedFull tech treeHidden civsTurbo modeCheats
Victory
Defeat
🇲🇽 Saracens · Mexico
1257
+15
🇺🇸 Slavs · United States
1237
-15
B1SH0P
4:58 Loom
9:27 Feudal Age
15:19 Double-Bit Axe
18:25 Padded Archer Armor
19:08 Fletching
23:22 Castle Age
21:34 Horse Collar
25:20 Gold Mining
25:43 Bodkin Arrow
26:08 Elite Skirmisher
27:36 Leather Archer Armor
28:47 Ballistics
33:42 Wheelbarrow
42:03 Imperial Age
39:49 Hand Cart
42:18 Heavy Plow
43:17 Ring Archer Armor
44:04 Chemistry
45:37 Bow Saw
HD_Daniel
3:08 Loom
7:12 Loom
9:27 Feudal Age
9:44 Man-at-Arms
13:33 Double-Bit Axe
15:25 Fletching
15:44 Horse Collar
22:39 Castle Age
21:26 Gold Mining
21:48 Padded Archer Armor
23:15 Bodkin Arrow
22:41 Crossbowman
24:03 Bow Saw
25:43 Ballistics
26:45 Town Watch
28:22 Thumb Ring
29:30 Leather Archer Armor
34:07 Imperial Age
31:45 Stone Mining
33:07 Wheelbarrow
34:52 Bracer
34:13 Arbalester
38:54 Chemistry
40:05 Heavy Plow
41:45 Ring Archer Armor
43:00 Two-Man Saw
42:40 Gold Shaft Mining
44:29 Conscription
Connection lost

Rejoining the realm…

Still unreachable

The connection could not be restored.

Session expired

The server has moved on; the page needs a fresh start.